 Dungeon Crawl Stone Soup version 0.30.1 (webtiles) character file.

Game seed: 6278527689489483333

1 GeoRichter the Sneak (level 1, 0/11 HPs)
             Began as a Vine Stalker Brigand on July 1, 2023.
             Slain by a ball python (2 damage)
             ... on level 1 of the Dungeon.
             The game lasted 00:00:12 (46 turns).

GeoRichter the Sneak (Vine Stalker Brigand)           Turns: 46, Time: 00:00:13

Health: 0/11       AC:  3    Str: 13    XL:     1   Next: 20%
Magic:  0/2        EV:  8    Int: 11    God:
Gold:   0          SH:  0    Dex: 15    Spells: 0/0 levels left

rFire   . . .        a - +2 dagger
rCold   . . .        (no shield)
rNeg    . . .        b - +0 robe
rPois   .            (no helmet)
rElec   .            c - +0 cloak
rCorr   .            (no gloves)
SInv    .            (no boots)
Will    .....        (no amulet)
Stlth   +++          (no ring)
HPRegen 0.21/turn    (no ring)
MPRegen 0.08/turn

%: guardian spirit
@: constricted
A: fangs 2, magic shield, antimagic bite, no potion heal 2
a: no special abilities


You were on level 1 of the Dungeon.
You visited 1 branch of the dungeon, and saw 1 of its levels.

Inventory:

Hand Weapons
 a - a +2 dagger (weapon)
Missiles
 d - 9 poisoned darts (quivered)
 e - 3 curare-tipped darts {!f}
Armour
 b - a +0 robe (worn)
 c - a +0 cloak (worn)
Scrolls
 f - a scroll of teleportation {unknown}


   Skills:
 + Level 1.8 Fighting
 * Level 1.8 Short Blades
 - Level 1.7 Throwing
 - Level 0.7 Dodging
 - Level 4.8 Stealth


You couldn't memorise any spells.
You didn't know any spells.
Your spell library was empty.

Dungeon Overview and Level Annotations

Branches:
Dungeon (1/15) Zot: 5953

Altars:


Innate Abilities, Weirdness & Mutations

You have extremely sharp teeth.
When hurt, damage is shared between your health and your magic reserves.
Your bite disrupts and absorbs the magic of your enemies.
Potions cannot restore your health.


Message History

Welcome, GeoRichter the Vine Stalker Brigand.
The incredible Orb of Zot lies far below, as if waiting for you to find it.
Press ? for a list of commands and other information.
Found a staircase leading out of the dungeon.
You open the large door.
There is a large open door here.
Found a scroll labelled MOLEFO DENO.
f - a scroll labelled MOLEFO DENO An endoplasm and a ball python come into view.
There are monsters nearby!
There are monsters nearby!
The helpless endoplasm fails to defend itself.
You puncture the endoplasm!
You kill the endoplasm!
A quokka comes into view.
There are monsters nearby!
You hit the quokka but do no damage. The quokka bites you.
You closely miss the quokka. The quokka bites you.
You closely miss the quokka. The ball python closely misses you. x2
The quokka bites you.
You barely miss the quokka. Your bite misses the quokka.
The ball python bites you.
* * * LOW HITPOINT WARNING * * *
The ball python grabs you. The ball python constricts you.
The quokka barely misses you.
You hit the quokka. You bite the quokka. You drain its power.
The quokka is heavily wounded.
The ball python bites you. The ball python constricts you.
The quokka barely misses you. The ball python bites you.
* * * LOW HITPOINT WARNING * * *
The ball python constricts you.
You hit the quokka. Your bite misses the quokka.
The quokka is severely wounded.
The quokka barely misses you. The ball python bites you.
The ball python constricts you.
* * * LOW HITPOINT WARNING * * *
The quokka barely misses you.
You barely miss the quokka.
The quokka is severely wounded.
The ball python bites you.
You die...

#####
#...#.#####+#+########
#...#.......#.#......#
#.#.# #....#......#
#.#.# ###.#.........#
'.#.## #...#.........#
'.#..###.###.....#####
#.#......#.......#
#.#.##.###.#....@#
#...##.....###..rS...#
#...###### #.......#
#.### +.......# #.#
#.......# .. #.......#
. #.......# ..#.###.#


You could see a quokka and a ball python.

Vanquished Creatures
  An endoplasm (D:1)
1 creature vanquished.

Notes
Turn   | Place    | Note
-------+----------+-------------------------------------------
     0 | D:1      | GeoRichter the Vine Stalker Brigand began the quest for the
                  | Orb.
     0 | D:1      | Reached XP level 1. HP: 11/11 MP: 2/2
    46 | D:1      | Slain by a ball python

Illustrated notes

Levels and vault maps discovered:
D:1:      lightli_arrival_noodles, layout_basic

Action                     || total
---------------------------++-------
  Melee: Dagger            ||     8
         Bite              ||     1
   Stab: Sleeping          ||     1
  Dodge: Dodged            ||     6
